 Dungeon Crawl Stone Soup version 0.22.1-2-g9c5b331383 (webtiles) character file.

34 bjornmisha the Vandal (level 3, -1/24 HPs)
             Began as a Halfling Hunter on Dec 20, 2018.
             Slain by an adder (2 damage)
             ... on level 1 of the Dungeon.
             The game lasted 00:11:57 (1077 turns).

bjornmisha the Vandal (Halfling Hunter)             Turns: 1077, Time: 00:11:58

Health: -1/24      AC:  3    Str: 13    XL:     3   Next: 50%
Magic:  3/3        EV: 15    Int:  9    God:
Gold:   102        SH:  0    Dex: 15    Spells: 2/2 levels left

rFire    . . .     SeeInvis .   a - +1 hunting sling
rCold    . . .     Gourm    .   (shield restricted)
rNeg     . . .     Faith    .   c - +0 leather armour
rPois    .         Spirit   .   (no helmet)
rElec    .         Reflect  .   (no cloak)
rCorr    +         Harm     .   (no gloves)
MR       .....     Rnd*Tele +   (no boots)
Stlth    ++........             (no amulet)
HPRegen  0.08/turn              g - ring of resist corrosion
MPRegen  0.08/turn              h - ring of teleportation (curse)

@: lethally poisoned (-1 -> -5)
A: small, mutation resistance 1
a: no special abilities


You were on level 1 of the Dungeon.
You were not hungry.

You visited 1 branch of the dungeon, and saw 2 of its levels.

You collected 102 gold pieces.

Inventory:

Hand Weapons
 a - a +1 hunting sling (weapon)
 b - a +0 short sword
Missiles
 d - 23 sling bullets (quivered)
 l - 19 stones
Armour
 c - a +0 leather armour (worn)
Jewellery
 g - a ring of resist corrosion (left hand)
 h - a cursed ring of teleportation (right hand)
Scrolls
 j - 2 scrolls of identify {unknown}
 k - a scroll of fear {unknown}
Potions
 e - a potion of lignification {unknown}
 i - a potion of might {unknown}
Comestibles
 f - 3 rations


   Skills:
 + Level 2.2 Fighting
 + Level 6.2 Slings
 + Level 2.7 Dodging
 + Level 2.1 Stealth


You had 2 spell levels left.
You didn't know any spells.
Your spell library was empty.

Dungeon Overview and Level Annotations

Branches:
Dungeon (2/15)

Altars:


Innate Abilities, Weirdness & Mutations

You are small and have problems with some larger weapons.
You are somewhat resistant to further mutation.


Message History

Really attack while wielding your +1 hunting sling? [Y]es or [N]o only, please.
Really attack while wielding your +1 hunting sling? [Y]es or [N]o only, please.
Really attack while wielding your +1 hunting sling?
You miss the adder.
You feel sick. The adder barely misses you. The hobgoblin closely misses you.
The adder closely misses you.
The hobgoblin hits you but does no damage.
You are too injured to fight recklessly!
You clumsily bash the hobgoblin but do no damage.
You feel sick. The adder bites you.
* * * LOW HITPOINT WARNING * * *
The adder bites you.
* * * LOW HITPOINT WARNING * * *
The hobgoblin hits you with a club.
* * * LOW HITPOINT WARNING * * *
You barely miss the hobgoblin.
* * * LOW HITPOINT WARNING * * *
You feel sick. The adder bites you.
You die...

#........# ###### #.######.#
#....####### ##'######.#
#..........# #......##>#
#..(........ #......##.#
#........†.. #......##.#
#....###'#.. #......##.#
#....# #.###
#......##.###############.###
##.######.##@g...............
#.# #.##S#.##########.### #.#
####....♣♣♣♣♣........... #.#
#......♣.PPP♣♣.......... #.#
#.....♣♣P≈≈.♣♣######.### #.#
#.....♣P≈≈≈≈P♣ #.# #.#
#.....♣♣P≈≈♣P♣ #.# #.#
######♣..♣P..♣ #.###
#.#########♣♣♣...♣######....


You could see an adder and a hobgoblin.

Vanquished Creatures
  A dart slug (D:1)
  2 giant cockroaches (D:1)
  A goblin (D:1)
  6 hobgoblins
  4 jackals (D:1)
  2 kobolds (D:1)
  5 bats (D:1)
  2 frilled lizards (D:1)
  9 rats (D:1)
32 creatures vanquished.

Notes
Turn   | Place    | Note
-------+----------+-------------------------------------------
     0 | D:1      | bjornmisha the Halfling Hunter began the quest for the Orb.
     0 | D:1      | Reached XP level 1. HP: 14/14 MP: 1/1
   175 | D:1      | Reached XP level 2. HP: 19/19 MP: 2/2
   197 | D:1      | Reached skill level 6 in Slings
   515 | D:1      | Reached XP level 3. HP: 24/24 MP: 3/3
  1077 | D:1      | HP: 1/24 [poisoned by an adder]
  1077 | D:1      | Slain by an adder

Skill      XL: |  1  2  3 |
---------------+----------+-----
Fighting       | 2 |  2.2
Slings         | 6 |  6.2
Stealth        | 2 |  2.1
Dodging        | |  2.7

Action                   || total
-------------------------++-------
Melee: Hunting sling     ||     3
 Fire: Hunting sling     ||    60
Armor: Leather armour    ||     3
Dodge: Dodged            ||    24
